 Dungeon Crawl Stone Soup version 0.19.1-1-g22dce08 (webtiles) character file.

650 markt42 the Cudgeler (level 7, 0/44 HPs)
             Began as a Gargoyle Monk on Jan 8, 2017.
             Slain by an ogre
             ... wielding a +0 giant spiked club
              (15 damage)
             ... on level 4 of the Dungeon.
             The game lasted 00:04:06 (3654 turns).

markt42 the Cudgeler (Gargoyle Monk)                Turns: 3654, Time: 00:04:07

Health: 0/44       AC: 17    Str: 17    XL:     7   Next: 53%
Magic:  7/7        EV:  8    Int: 10    God:
Gold:   276        SH:  0    Dex: 12    Spells: 0 memorised, 6 levels left

rFire  . . .     SeeInvis .     b - +0 flail
rCold  . . .     Gourm    .     l - +0 chain mail
rNeg   + . .     Faith    .     (no shield)
rPois  ∞         Spirit   .     (no helmet)
rElec  +         Reflect  .     a - +0 cloak
rCorr  .         Harm     .     (no gloves)
MR     .....                    (no boots)
Stlth  ..........               (no amulet)
                                (no ring)
                                h - +2 ring of protection

@: no status effects
A: negative energy resistance 1, electricity resistance, unbreathing,
petrification resistance, rot immunity, AC +4
a: no special abilities


You were on level 4 of the Dungeon.
You were not hungry.

You visited 1 branch of the dungeon, and saw 4 of its levels.

You collected 276 gold pieces.

Inventory:

Hand Weapons
 b - a +0 flail (weapon)
Armour
 a - a +0 cloak (worn)
 l - a +0 chain mail (worn)
Jewellery
 h - a +2 ring of protection (left hand)
Scrolls
 f - a scroll of remove curse {unknown}
 g - 3 scrolls of identify {unknown}
 k - 3 scrolls of magic mapping {unknown}
 o - a scroll of enchant armour {unknown}
 r - a scroll of recharging {unknown}
 s - 3 scrolls of fear {unknown}
 v - a scroll of enchant weapon {unknown}
 x - a scroll of teleportation {unknown}
Potions
 d - a potion of might {unknown}
 e - 3 potions of lignification {unknown}
 i - a potion of berserk rage {unknown}
 j - 3 potions of heal wounds
 n - 4 potions of degeneration {unknown}
 p - a potion of cancellation {unknown}
 q - 2 potions of resistance {unknown}
 t - a potion of brilliance {unknown}
 w - a potion of curing {unknown}
 z - a potion of agility
Comestibles
 c - 2 bread rations
 m - 5 fruits


   Skills:
 + Level 4.5 Fighting
 * Level 6.7 Maces & Flails
 * Level 3.3 Armour
 + Level 3.1 Dodging
 + Level 2.4 Stealth


You had 6 spell levels left.
You didn't know any spells.

Dungeon Overview and Level Annotations

Branches:
Dungeon (4/15)
 Temple: D:4-7

Altars:
Nemelex Xobeh
Qazlal
Vehumet


Innate Abilities, Weirdness & Mutations

You are resistant to torment.
Your stone body is resilient. (AC +4)
You are immune to poison.
You resist negative energy. (rN+)
You are resistant to electric shocks. (rElec)
You can survive without breathing.
You are immune to petrification.
You are immune to rotting.


Message History

The ogre is moderately wounded.
The ogre barely misses you.
You barely miss the ogre.
The ogre is moderately wounded.
The ogre barely misses you.
You hit the ogre but do no damage.
The ogre is moderately wounded.
The ogre barely misses you.
You sock the ogre!
The ogre is heavily wounded.
You hit the ogre but do no damage.
The ogre is heavily wounded.
The ogre barely misses you.
You barely miss the ogre.
The ogre is heavily wounded.
The ogre hits you with a giant spiked club!
You hit the ogre.
The ogre is heavily wounded.
The ogre hits you with a giant spiked club!
You die...

#># #.# #.# #.##
#†)# ##)# #.# # #.#
.###.##### ###.##
....$....######....#
......O@..%........#
...$..(..######....#
.........# #....#
.........# ######
.........#
.........#
.........#
##########


You could see an ogre.

Vanquished Creatures
  Duvessa (D:4)
  Dowan (D:4)
  A howler monkey (D:4)
  Crazy Yiuf (D:2)
  An orc priest (D:4)
  A bullfrog skeleton (D:4)
  Jessica (D:2)
  Natasha (twice) (D:3)
  Ijyb (D:2)
  Terence (D:2)
  A worker ant (D:4)
  3 gnolls (D:2)
  9 adders
  An ooze (D:2)
  An adder skeleton (D:3)
  4 worms
  4 dart slugs
  6 leopard geckos
  4 orcs
  4 giant cockroaches
  4 goblins
  9 hobgoblins
  2 jackals (D:2)
  4 kobolds
  4 quokkas
  2 ball pythons
  7 bats
  3 frilled lizards
  4 rats
87 creatures vanquished.

Notes
Turn   | Place    | Note
-------+----------+-------------------------------------------
     0 | D:1      | markt42 the Gargoyle Monk began the quest for the Orb.
     0 | D:1      | Reached XP level 1. HP: 14/14 MP: 1/1
   209 | D:1      | Reached XP level 2. HP: 8/19 MP: 2/2
  1149 | D:1      | Reached XP level 3. HP: 15/23 MP: 3/3
  1513 | D:2      | Noticed Ijyb
  1520 | D:2      | Reached skill level 1 in Armour
  1544 | D:2      | Killed Ijyb
  1544 | D:2      | Reached skill level 4 in Maces & Flails
  1544 | D:2      | Reached XP level 4. HP: 13/28 MP: 4/4
  1925 | D:2      | Noticed Jessica
  1938 | D:2      | Killed Jessica
  1938 | D:2      | Reached XP level 5. HP: 32/32 MP: 5/5
  2121 | D:2      | Reached skill level 5 in Maces & Flails
  2138 | D:2      | Noticed Terence
  2147 | D:2      | Killed Terence
  2243 | D:2      | Found a runed door.
  2413 | D:2      | Noticed Crazy Yiuf
  2426 | D:2      | Killed Crazy Yiuf
  2426 | D:2      | Reached XP level 6. HP: 33/38 MP: 6/6
  2546 | D:3      | Noticed Natasha
  2557 | D:3      | Killed Natasha
  2840 | D:3      | Noticed Natasha
  2853 | D:3      | Killed Natasha
  2999 | D:3      | Found a stormy altar of Qazlal.
  3002 | D:3      | Found a radiant altar of Vehumet.
  3008 | D:3      | Found a sparkling altar of Nemelex Xobeh.
  3414 | D:4      | Noticed Duvessa
  3422 | D:4      | Noticed Dowan
  3442 | D:4      | Killed Duvessa
  3442 | D:4      | Reached skill level 6 in Maces & Flails
  3442 | D:4      | Reached XP level 7. HP: 21/44 MP: 7/7
  3452 | D:4      | Killed Dowan
  3654 | D:4      | Slain by an ogre

Skill      XL: |  1  2  3  4  5  6  7 |
---------------+----------------------+-----
Armour         | 1 2 3 |  3.3
Maces & Flails | 4 5 6 |  6.7
Dodging        | 3 |  3.1
Fighting       | 4 |  4.5
Stealth        | |  2.4

Action                   |  1- 3 |  4- 6 |  7- 9 || total
-------------------------+-------+-------+-------++-------
Melee: Mace              |   101 |    26 |       ||   127
       Flail             |       |   254 |    49 ||   303
  Use: Potion            |       |       |     1 ||     1
 Stab: Sleeping          |     1 |       |       ||     1
  Eat: Chunk             |     2 |     6 |     2 ||    10
Armor: Robe              |    27 |       |       ||    27
       Chain mail        |       |   181 |    32 ||   213
Dodge: Dodged            |    62 |   113 |    15 ||   190
